 Dungeon Crawl Stone Soup version 0.25-a0-834-g55863b0b92 (webtiles) character file.

Game seed: 5600216196450842028, levelgen mode: deterministic

213 Linxer the Poker (level 5, 0/41 HPs)
             Began as a Merfolk Gladiator on Apr 22, 2020.
             Was an Initiate of Elyvilon.
             Slain by an ogre
             ... wielding a +0 giant spiked club
             ... summoned by the darkness of Dithmenos
              (1 damage)
             ... on level 2 of the Dungeon.
             The game lasted 00:22:38 (2957 turns).

Linxer the Poker (Merfolk Gladiator)                Turns: 2957, Time: 00:22:39

Health: 0/41       AC:  6    Str: 14    XL:     5   Next: 90%
Magic:  5/5        EV:  9    Int:  7    God:    Elyvilon [......]
Gold:   48         SH: 11    Dex: 17    Spells: 4/4 levels left

rFire    . . .     SeeInvis .   a - +0 trident
rCold    . . .     Gourm    .   k - +0 tower shield
rNeg     . . .     Faith    .   i - +0 ring mail
rPois    .         Spirit   .   c - +0 helmet
rElec    .         Reflect  .   (no cloak)
rCorr    +         Harm     .   (no gloves)
MR       .....                  (no boots)
Stlth    +.........             (no amulet)
HPRegen  0.13/turn              r - ring of resist corrosion
MPRegen  0.09/turn              (no ring)

@: no status effects
A: change form in water, swift swim, stealthy swim
a: Renounce Religion


You were on level 2 of the Dungeon.
You worshipped Elyvilon.
Elyvilon was noncommittal.
You were not hungry.

You visited 1 branch of the dungeon, and saw 2 of its levels.

You collected 48 gold pieces.

Inventory:

Hand Weapons
 a - a +0 trident (weapon)
 g - a +1 dagger of electrocution
Missiles
 d - 3 throwing nets
 h - 43 stones (quivered)
 l - 17 arrows
Armour
 b - a +0 leather armour
 c - a +0 helmet (worn)
 i - a +0 ring mail (worn)
 k - a +0 tower shield (worn)
Jewellery
 r - a ring of resist corrosion (left hand)
Scrolls
 e - 3 scrolls of identify {unknown}
 j - a scroll of enchant armour {unknown}
 o - a scroll of fear {unknown}
 p - a scroll of magic mapping {unknown}
 s - a scroll of teleportation {unknown}
 t - a scroll of enchant weapon {unknown}
Potions
 m - a potion of flight {unknown}
 n - 2 potions of resistance {unknown}
 q - a potion of might {unknown}
Comestibles
 f - 4 rations


   Skills:
 + Level 3.1 Fighting
 + Level 6.2 Polearms
 + Level 2.3 Throwing
 + Level 1.5 Armour
 + Level 5.1 Dodging
 + Level 0.9 Stealth
 + Level 1.3 Shields


You had 4 spell levels left.
You didn't know any spells.
Your spell library was empty.

Dungeon Overview and Level Annotations

Branches:
Dungeon (2/15)

Altars:
Dithmenos
Elyvilon
Okawaru
Sif Muna


Message History

You barely miss the ogre. You hit the ogre.
The ogre is lightly wounded.
You block the ogre's attack.
You hit the ogre.
The ogre is heavily wounded.
The ogre hits you with a +0 giant spiked club!
* * * LOW HITPOINT WARNING * * *
You hit the ogre.
The ogre is severely wounded.
You block the phantom's attack.
The ogre hits you with a +0 giant spiked club!
* * * LOW HITPOINT WARNING * * *
The phantom closely misses you.
You hit the ogre.
The ogre is severely wounded.
The phantom hits you.
* * * LOW HITPOINT WARNING * * *
The ogre hits you with a +0 giant spiked club.
You die...

#.. #.# ### #.# #.. #.#
#.########## ##### #.#
#.#.#.......
....####.#####.#.......##
.................).......
....####.#####.#O#.#...##
............##.#@#.# ...
............##.#W#.# #
............##.#...#..
#######..#..##.#.#.#..#
########.#..##.#.... .
......##.#..##.#...#.#
......##.#..##.###.#.#####
......##.#..##............
......##.#.........#......


You could see a phantom and an ogre.

Vanquished Creatures
  Sigmund (D:2)
  An adder (D:2)
  A worm (D:2)
  A leopard gecko (D:2)
  6 bats (D:1)
  2 giant cockroaches (D:1)
  2 goblins (D:1)
  7 hobgoblins
  2 ball pythons (D:1)
  3 frilled lizards
  7 kobolds
  4 rats
37 creatures vanquished.

Notes
Turn   | Place    | Note
-------+----------+-------------------------------------------
     0 | D:1      | Linxer the Merfolk Gladiator began the quest for the Orb.
     0 | D:1      | Reached XP level 1. HP: 16/16 MP: 1/1
   210 | D:1      | Reached XP level 2. HP: 23/23 MP: 2/2
   508 | D:1      | Reached XP level 3. HP: 20/28 MP: 3/3
   515 | D:1      | Reached skill level 5 in Polearms
  1230 | D:2      | Found a shadowy altar of Dithmenos.
  1235 | D:2      | Found an iron altar of Okawaru.
  1257 | D:2      | Became a worshipper of Dithmenos the Shadowed
  1388 | D:2      | Found a white marble altar of Elyvilon.
  1398 | D:2      | Fell from the grace of Dithmenos
  1398 | D:2      | Became a worshipper of Elyvilon the Healer
  1572 | D:2      | Noticed Sigmund
  2329 | D:2      | Killed Sigmund
  2329 | D:2      | Reached skill level 6 in Polearms
  2329 | D:2      | Reached skill level 1 in Armour
  2329 | D:2      | Reached skill level 5 in Dodging
  2329 | D:2      | Reached skill level 1 in Shields
  2329 | D:2      | Reached XP level 4. HP: 3/35 MP: 4/4
  2329 | D:2      | Reached XP level 5. HP: 4/41 MP: 5/5
  2662 | D:2      | Found a shimmering blue altar of Sif Muna.
  2945 | D:2      | Noticed an ogre
  2945 | D:2      | Noticed a phantom
  2957 | D:2      | HP: 1/41 [phantom[the darkness of Dithmenos] (2)]
  2957 | D:2      | Slain by an ogre

Levels and vault maps discovered:
D:1:      lemuel_arrival_rhombus, layout_basic, minmay_indecisive_spiral
D:2:      layout_basic, elyvilon_altar_5, lemuel_blue_sif_altar,
          grunt_temple_overflow_open, uniq_sigmund

Skill      XL: |  1  2  3 |
---------------+----------+-----
Polearms       | 6 |  6.2
Fighting       | 3 |  3.1
Armour         | 1 |  1.5
Dodging        | 5 |  5.1
Shields        | 1 |  1.3
Throwing       | |  2.3
Stealth        | |  0.9

Action                   |  1- 3 |  4- 6 || total
-------------------------+-------+-------++-------
Melee: Trident           |   133 |    35 ||   168
Throw: Stone             |     9 |       ||     9
  Eat: Ration            |     2 |       ||     2
Armor: Leather armour    |    14 |       ||    14
       Ring mail         |    31 |     6 ||    37
Dodge: Dodged            |    81 |     7 ||    88
Block: Tower shield      |    28 |    27 ||    55

Table legend:
 A = Non-vault XP
 B = Vault XP
 C = Vault XP percentage of total XP
 D = Non-vault monster count
 E = Vault monster count
 F = Vault count percentage of total count
                 A         B        C        D         E       F
            +---------+---------+-------+---------+---------+-------
      Total |      66 |     239 |  78.4 |      32 |       5 |  13.5
            +---------+---------+-------+---------+---------+-------
        D:1 |      36 |       8 |  18.2 |      23 |       4 |  14.8
        D:2 |      30 |     231 |  88.5 |       9 |       1 |  10.0
            +---------+---------+-------+---------+---------+-------
